 Dungeon Crawl Stone Soup version 0.20.0-15-g7f486f2 (webtiles) character file.

9108 Blackbelt the Covert (level 11, -4/78 HPs)
             Began as a Vampire Assassin on June 26, 2017.
             Was an Initiate of Ashenzari.
             Slain by a yak (8 damage)
             ... on level 9 of the Dungeon.
             The game lasted 01:17:09 (18344 turns).

Blackbelt the Covert (Vampire Assassin)            Turns: 18344, Time: 01:17:10

Health: -4/78      AC:  9    Str: 12    XL:     11   Next: 18%
Magic:  8/11       EV: 19    Int: 16    God:    Ashenzari [......]
Gold:   494        SH:  0    Dex: 19    Spells: 3/10 levels left

rFire    . . .     SeeInvis +   z - +0 short sword (elec) (curse)
rCold    . . .     Gourm    .   (no shield)
rNeg     + . .     Faith    .   r - +3 leather armour (curse)
rPois    .         Spirit   .   (no helmet)
rElec    .         Reflect  .   d - +0 cloak
rCorr    .         Harm     .   w - +0 pair of gloves
MR       +....                  a - +0 pair of boots
Stlth    +++++.....             (no amulet)
Regen    0.3/turn               T - +2 ring of intelligence
MPRegen  0.2/turn               M - +2 ring of strength (curse)

@: berserk cooldown, very slightly contaminated, slowed, very slow
A: fangs 3, see invisible, unbreathing
a: Bat Form, Curse Item, Renounce Religion


You were on level 9 of the Dungeon.
You worshipped Ashenzari.
Ashenzari was noncommittal.
You were not thirsty.

You visited 3 branches of the dungeon, and saw 11 of its levels.
You also visited: Sewer and Ossuary.

You collected 494 gold pieces.

Inventory:

Hand Weapons
 b - a +0 blowgun
 k - a +4 vampiric dagger
 l - a +0 dagger of flaming
 z - a cursed +0 short sword of electrocution (weapon)
 E - a +2 shortbow of freezing
Missiles
 e - 41 poisoned needles
 f - a curare-tipped needle
 F - 158 arrows
Armour
 a - a +0 pair of boots (worn)
 d - a +0 cloak (worn)
 r - a cursed +3 leather armour (worn)
 w - a +0 pair of gloves (worn)
 S - a cursed +0 ring mail
Jewellery
 u - an uncursed ring of resist corrosion
 D - an uncursed ring of poison resistance
 H - an uncursed ring of ice
 M - a cursed +2 ring of strength (right hand)
 T - a +2 ring of intelligence (left hand)
Wands
 c - a wand of random effects (5/48)
 m - a wand of random effects (14/48)
 x - a wand of flame (24/48)
 K - a wand of clouds (0/9)
 L - a wand of paralysis (7/24)
Scrolls
 h - 4 scrolls of amnesia
 i - 3 scrolls of fog
 j - 2 scrolls of remove curse
 q - 6 scrolls of teleportation
 s - 2 scrolls of enchant armour
 v - 6 scrolls of blinking {unknown}
 y - 2 scrolls of random uselessness {unknown}
 G - a scroll of brand weapon
 N - a scroll of immolation {unknown}
 R - a scroll of recharging {unknown}
Potions
 g - a potion of blood
 n - 5 potions of curing
 t - 2 potions of brilliance
 A - 4 potions of flight
 J - a potion of ambrosia
 P - 2 potions of agility
Books
 o - a book of Battle

   Spells                             Type                      Level
   a - Infusion                       Charms                       1
   b - Shroud of Golubria             Charms/Translocation         2
   c - Song of Slaying                Charms                       2
   d - Spectral Weapon                Hexes/Charms                 3
   e - Regeneration                   Charms/Necromancy            3
 C - a book of Cantrips

   Spells                             Type                      Level
   a - Confusing Touch                Hexes                        1
   b - Animate Skeleton               Necromancy                   1
   c - Summon Small Mammal            Summoning                    1
   d - Apportation                    Translocation                1
 I - a book of Flames

   Spells                             Type                      Level
   a - Flame Tongue                   Conjuration/Fire             1
   b - Throw Flame                    Conjuration/Fire             2
   c - Conjure Flame                  Conjuration/Fire             3
   d - Inner Flame                    Hexes/Fire                   3
   e - Sticky Flame                   Conjuration/Fire             4
   f - Fireball                       Conjuration/Fire             5


   Skills:
 * Level 4.5 Fighting
 - Level 9.4 Short Blades
 - Level 1.5 Throwing
 + Level 9.1 Dodging
 - Level 11.5 Stealth
 - Level 6.7 Hexes
 - Level 7.5 Charms
 - Level 6.1 Necromancy


You had 3 spell levels left.
You knew the following spells:

 Your Spells              Type           Power        Failure   Level  Hunger
a - Shroud of Golubria    Chrm/Tloc      ##........   11%         2    ###....
b - Animate Skeleton      Necr           N/A          2%          1    ##.....
c - Confusing Touch       Hex            ###...       1%          1    ##.....
d - Regeneration          Chrm/Necr      ###.......   6%          3    ####...


Dungeon Overview and Level Annotations

Branches:
Dungeon (9/15)             Temple (1/1) D:7            Lair (1/6) D:8
    Orc (0/2) D:9

Altars:
Ashenzari
Dithmenos
Elyvilon
Fedhas
Gozag
Hepliaklqana
Kikubaaqudgha
Makhleb
Nemelex Xobeh
Okawaru
Qazlal
Ru
Sif Muna
Trog
Uskayaw
Vehumet
Xom
Yredelemnul
Zin

Annotations:
D:4 1 transporter
D:6 Cral's ghost, novice TrTm


Innate Abilities, Weirdness & Mutations

You have razor-sharp teeth.
You have supernaturally acute eyesight. (SInv)
You can survive without breathing.


Message History

You are too berserk!
You see here a yak corpse.
You puncture the orc warrior!
The orc warrior is severely wounded.
The orc warrior completely misses you.
You hit the orc warrior.
The orc warrior is almost dead.
You hit the orc warrior.
You kill the orc warrior!
You can't unwield your weapon to draw a new one!
You are too berserk!
Unknown command.
You are too berserk!
You feel a strong urge to attack something.
You feel your anger subside.
You are no longer berserk.
You pass out from exhaustion.
You feel yourself slow down.
You can move again.
The yak gores you!
You die...

####...###..)........##
........................
####..............))....
#..######.########.).
#..### #.# #... ......#
#.# #... ..####.## #.#
#... .. #..# #.# #...
#@.###.########...
#Y..............%.
#Y................
#o##.######.... #Y##.#
.## #D##.# ... #)##.#
#... #.##.# #... #†.#.#
....


You could see 3 yaks, a steam dragon and an orc.

Vanquished Creatures
  A hydra (Lair:1)
  A two-headed ogre (D:8)
  Pikel (D:6)
  Joseph (D:8)
  Psyche (D:8)
  A komodo dragon (Lair:1)
  Grinder (Sewer)
  2 hippogriffs (D:7)
  A wraith (Ossuary)
  7 yaks
  Eustachio (D:4)
  A hungry ghost (D:7)
  3 water moccasins
  Duvessa (D:7)
  A porcupine (Lair:1)
  2 hell hounds (D:8)
  2 ice beasts (D:8)
  2 orc warriors
  2 phantoms
  A sky beast (D:7)
  4 slaves
  2 black bears
  4 ogres
  6 centaurs
  2 big kobolds (Sewer)
  A gnoll sergeant (D:6)
  Dowan (D:7)
  3 scorpions
  4 crimson imps
  A howler monkey (D:6)
  A centaur zombie (D:8)
  2 hounds
  2 quasits
  3 bullfrog skeletons
  A jelly (D:7)
  A bullfrog zombie (D:8)
  8 orc priests
  Terence (D:3)
  An iguana (D:8)
  6 orc wizards
  6 worker ants
  A killer bee zombie (D:8)
  3 big kobold zombies (Sewer)
  A hound skeleton (D:6)
  3 mummies (Ossuary)
  A worker ant zombie (D:6)
  11 gnolls
  15 adders
  A river rat (D:6)
  4 shadow imps
  3 ufetubi (Sewer)
  3 oozes
  An adder zombie (Sewer)
  2 adder skeletons
  4 worms
  6 leopard geckos
  27 orcs
  8 bats
  10 giant cockroaches
  9 goblins
  9 hobgoblins
  13 jackals
  22 kobolds
  3 quokkas
  3 frilled lizards
  A giant cockroach zombie (D:5)
  3 goblin zombies (Ossuary)
  5 hobgoblin zombies (Ossuary)
  A jackal zombie (D:5)
  6 kobold zombies
  A quokka zombie (D:7)
  12 rats
285 creatures vanquished.

Vanquished Creatures (collateral kills)
  A hungry ghost (D:7)
  An ogre (D:8)
2 creatures vanquished.

Vanquished Creatures (others)
  A kobold zombie (Ossuary)
  3 fungi (Lair:1)
  2 plants (Lair:1)
6 creatures vanquished.

Grand Total: 293 creatures vanquished

Notes
Turn   | Place    | Note
-------+----------+-------------------------------------------
     0 | D:1      | Blackbelt the Vampire Assassin began the quest for the Orb.
     0 | D:1      | Reached XP level 1. HP: 16/16 MP: 1/1
     8 | D:1      | Reached skill level 6 in Stealth
   259 | D:1      | Reached XP level 2. HP: 17/22 MP: 2/2
   783 | D:2      | Reached skill level 7 in Stealth
   851 | D:2      | Reached XP level 3. HP: 27/27 MP: 3/3
  1430 | D:2      | Reached XP level 4. HP: 7/33 MP: 4/4
  2046 | D:2      | Reached skill level 8 in Stealth
  2368 | D:3      | Noticed Terence
  2647 | D:3      | Found a glowing silver altar of Zin.
  2806 | D:3      | Killed Terence
  3035 | D:3      | Reached XP level 5. HP: 31/38 MP: 5/5
  3455 | D:3      | Reached skill level 9 in Stealth
  3778 | D:3      | Found a hazy altar of Hepliaklqana.
  3851 | D:3      | Found a bloodstained altar of Trog.
  3942 | D:3      | Noticed a phantom
  4092 | D:4      | Found a transporter.
  4500 | D:4      | Reached XP level 6. HP: 44/44 MP: 6/6
  4831 | D:4      | Found a burning altar of Makhleb.
  4872 | D:4      | Noticed Eustachio
  4879 | D:4      | Killed Eustachio
  4879 | D:4      | Reached skill level 5 in Short Blades
  4879 | D:4      | Reached skill level 10 in Stealth
  5042 | D:5      | Entered Level 5 of the Dungeon
  5069 | D:5      | Reached XP level 7. HP: 32/49 MP: 7/7
  6776 | D:5      | HP: 2/49 [orc priest/divine providence (12)]
  7394 | D:5      | Reached skill level 11 in Stealth
  7957 | D:5      | Found a white marble altar of Elyvilon.
  8453 | D:6      | Found a glowing drain.
  8459 | Sewer    | Entered a sewer
  8484 | Sewer    | Reached XP level 8. HP: 51/55 MP: 8/8
  9059 | Sewer    | Found a burning altar of Makhleb.
  9166 | Sewer    | Noticed Grinder
  9183 | Sewer    | Paralysed by Grinder for 5 turns
  9192 | Sewer    | Killed Grinder
  9394 | D:6      | Noticed Pikel
  9483 | D:6      | Noticed Cral's ghost (novice TrTm)
  9533 | D:6      | Found a burning altar of Makhleb.
  9719 | D:6      | Learned a level 2 spell: Shroud of Golubria
  9721 | D:6      | Learned a level 1 spell: Animate Skeleton
  9723 | D:6      | Learned a level 1 spell: Confusing Touch
  9727 | D:6      | Learned a level 3 spell: Regeneration
  9791 | D:6      | Killed Pikel
  9791 | D:6      | Reached skill level 5 in Charms
  9939 | D:6      | Reached XP level 9. HP: 61/61 MP: 9/9
 10730 | D:6      | Reached skill level 1 in Necromancy
 11000 | D:7      | Found a staircase to the Ecumenical Temple.
 11037 | Temple   | Entered the Ecumenical Temple
 11464 | D:7      | Noticed Duvessa
 11464 | D:7      | Noticed Dowan
 11493 | D:7      | Killed Duvessa
 12419 | D:7      | Killed Dowan
 12748 | D:7      | Reached skill level 5 in Necromancy
 13059 | D:7      | Found a hide-covered altar of Uskayaw.
 13066 | D:7      | Found an ancient bone altar of Kikubaaqudgha.
 13068 | D:7      | Found a deep blue altar of Sif Muna.
 13554 | D:7      | Found a shadowy altar of Dithmenos.
 13657 | D:8      | Found a sand-covered staircase.
 13662 | Ossuary  | Entered an ossuary
 13810 | Ossuary  | Reached skill level 5 in Hexes
 13810 | Ossuary  | Reached XP level 10. HP: 67/67 MP: 10/10
 14094 | D:8      | Found a staircase to the Lair.
 14414 | D:8      | Found a shattered altar of Ashenzari.
 14422 | D:8      | Became a worshipper of Ashenzari the Shackled
 15116 | D:8      | Found a sparkling altar of Nemelex Xobeh.
 15127 | D:8      | Noticed a two-headed ogre
 15141 | D:8      | Noticed Psyche
 15859 | D:8      | Killed Psyche
 15859 | D:8      | Reached skill level 5 in Dodging
 15937 | D:8      | Noticed Joseph
 15948 | D:8      | Killed Joseph
 16152 | D:9      | Found a staircase to the Orcish Mines.
 16248 | Lair:1   | Entered Level 1 of the Lair of Beasts
 16248 | Lair:1   | Noticed a five-headed hydra
 16537 | Lair:1   | Noticed a spiny frog
 16873 | Lair:1   | Noticed a four-headed hydra
 16880 | Lair:1   | Killed a four-headed hydra
 16952 | Lair:1   | Reached XP level 11. HP: 65/76 MP: 3/11
 18167 | D:8      | Killed a two-headed ogre
 18333 | D:9      | HP: 4/117 [orc warrior/glaive of chopping (2)]
 18344 | D:9      | Slain by a yak

Skill      XL: |  1  2  3  4  5  6  7  8  9 10 11 |
---------------+----------------------------------+-----
Stealth        | 6 7 8 9 10 11 | 11.5
Short Blades   | 3 4 5 7 9 |  9.4
Charms         | 5 7 |  7.5
Necromancy     | 6 |  6.1
Hexes          | 5 6 |  6.7
Dodging        | 8 9 |  9.1
Fighting       | 3 4 |  4.5
Throwing       | |  1.5

Action                   |  1- 3 |  4- 6 |  7- 9 | 10-12 || total
-------------------------+-------+-------+-------+-------++-------
Melee: Dagger            |    75 |   217 |   680 |       ||   972
       Bite              |     7 |    21 |    89 |    32 ||   149
       Short sword       |       |       |    89 |   269 ||   358
 Fire: Blowgun           |    21 |    19 |   113 |     2 ||   155
Throw: Throwing net      |       |       |       |     1 ||     1
 Cast: Shroud of Golubri |       |       |     9 |    22 ||    31
       Animate Skeleton  |       |       |     5 |     1 ||     6
       Regeneration      |       |       |     1 |    14 ||    15
       Confusing Touch   |       |       |       |     4 ||     4
Invok: Curse Item        |       |       |       |     3 ||     3
 Abil: End Transformatio |       |       |     8 |     7 ||    15
       Bat Form          |       |       |     8 |     7 ||    15
Evoke: Wand              |       |     1 |     5 |     9 ||    15
  Use: Potion            |       |    13 |    32 |     6 ||    51
       Scroll            |       |     4 |    11 |     4 ||    19
 Stab: Sleeping          |    10 |    21 |    18 |    13 ||    62
       Distracted        |       |       |     2 |     2 ||     4
       Confused          |       |       |       |     1 ||     1
       Held in net/web   |       |       |       |     1 ||     1
       Paralysed         |       |       |       |     1 ||     1
  Eat: Corpse            |       |       |       |     9 ||     9
Armor: Robe              |    16 |    19 |       |       ||    35
       Leather armour    |       |    27 |   175 |    41 ||   243
       Skin              |       |       |     9 |       ||     9
Dodge: Dodged            |    39 |    92 |   321 |   128 ||   580
